 Dungeon Crawl Stone Soup version 0.27.1-34-g3ba077fa99 (webtiles) character file.

Game seed: 12219100793295285097

189 Arum the Shield-Bearer (level 6, -3/49 HPs)
             Began as a Formicid Fighter on Jan 3, 2022.
             Was an Initiate of Qazlal.
             Slain by Pikel (6 damage)
             ... on level 4 of the Dungeon.
             The game lasted 00:06:25 (2883 turns).

Arum the Shield-Bearer (Formicid Fighter)           Turns: 2883, Time: 00:06:25

Health: -3/49      AC: 13    Str: 20    XL:     6   Next: 0%
Magic:  0/6        EV: 12    Int:  8    God:    Qazlal [......]
Gold:   87         SH: 10    Dex: 12    Spells: 5/5 levels left

rFire    . . .     SeeInvis +   a - +0 quarterstaff (protect)
rCold    . . .     Faith    .   c - +0 kite shield
rNeg     . . .     Spirit   +   b - +0 scale mail
rPois    .         Reflect  .   (helmet unavailable)
rElec    .         Harm     .   (no cloak)
rCorr    .         Rampage  .   (no gloves)
Will     .....                  (no boots)
Stlth    ..........             i - amulet of guardian spirit
HPRegen  0.16/turn              g - +4 ring of evasion
MPRegen  0.10/turn              (no ring)

@: under a protective aura
A: permanent stasis, dig shafts and tunnels, antennae 3, four strong arms
a: Dig, Shaft Self, Renounce Religion


You were on level 4 of the Dungeon.
You worshipped Qazlal.
Qazlal was noncommittal.
You visited 1 branch of the dungeon, and saw 4 of its levels.

You collected 115 gold pieces.
You spent 28 gold pieces at shops.

Inventory:

Hand Weapons
 a - a +0 quarterstaff of protection (weapon)
Armour
 b - a +0 scale mail (worn)
 c - a +0 kite shield (worn)
Jewellery
 g - a +4 ring of evasion (left hand)
 i - an amulet of guardian spirit (around neck)
Scrolls
 e - a scroll of identify
Potions
 d - 2 potions of might
 f - 2 potions of degeneration {unknown}
 h - a potion of flight {unknown}
 j - 2 potions of resistance
 k - a potion of haste {unknown}


   Skills:
 + Level 4.6 Fighting
 + Level 3.4 Staves
 - Level 3.2 Armour
 * Level 5.4 Shields


You had 5 spell levels left.
You didn't know any spells.
Your spell library contained the following spells:

 Spells                   Type           Power      Damage    Failure   Level
 Slow                     Hex            0%         N/A       98%         2
 Sublimation of Blood     Necr           0%         N/A       98%         2
 Confusing Touch          Hex            0%         N/A       100%        3
 Petrify                  Tmut/Erth      0%         N/A       100%        4
 Irradiate                Conj/Tmut      0%         3d13      100%        5
 Yara's Violent Unravell  Hex/Tmut       0%         3d3       100%        5


Dungeon Overview and Level Annotations

Branches:
Dungeon (4/15)             Temple (0/1) D:4

Altars:
Qazlal

Shops:
D:1 !=?!:

Annotations:
D:4 Pikel


Innate Abilities, Weirdness & Mutations

You cannot be hasted, slowed, berserked, paralysed or teleported.
You can dig through walls and to a lower floor.
You have a pair of large antennae on your head. (SInv)
Your four strong arms can wield two-handed weapons with a shield.


Message History

You sock Pikel!
Your weapon exudes an aura of protection.
Pikel is severely wounded.
You block Pikel's attack.
Pikel hits you with a +1 whip of flaming.
Pikel burns you.
You hit Pikel.
Pikel is almost dead.
Pikel barely misses you.
You miss Pikel.
Pikel is almost dead.
Pikel closely misses you.
You closely miss Pikel.
Pikel is almost dead.
Pikel hits you with a +1 whip of flaming.
Pikel burns you.
Pikel hits you with a +1 whip of flaming.
* * * LOW HITPOINT WARNING * * *
Pikel burns you.
You hit Pikel.
Pikel is almost dead.
Pikel hits you with a +1 whip of flaming.
* * * LOW HITPOINT WARNING * * *
Pikel burns you.
* * * LOW HITPOINT WARNING * * *
You closely miss Pikel.
Pikel is almost dead.
You block Pikel's attack.
You hit Pikel but do no damage.
Pikel is almost dead.
You block Pikel's attack.
You hit Pikel but do no damage.
Pikel is almost dead.
Pikel says, "You'll rot in Tartarus!"
Pikel hits you with a +1 whip of flaming.
* * * LOW HITPOINT WARNING * * *
Pikel burns you.
* * * LOW HITPOINT WARNING * * *
Pikel hits you with a +1 whip of flaming.
You die...

8.#...K......#.......#
....#........#.......#
>.8.5.#....<.#.......#
....#................+
8.#..........#.......#
....##.......#.......##
.#.###.......#.5..$..?.
... #........#K#####.
#.# #.†.....###@# ..
.........# ###
..........####
..........# ..###.....#
. #.....# #.....#


You could see Pikel and a lemure.

Vanquished Creatures
  A necrophage (D:3)
  3 lemures
  Robin (D:2)
  An adder (D:3)
  A worm (D:3)
  3 dart slugs
  An orc (D:3)
  7 endoplasms
  7 giant cockroaches
  10 goblins
  4 hobgoblins
  2 quokkas
  6 ball pythons
  7 bats
  5 frilled lizards
  4 kobolds
  9 rats
72 creatures vanquished.

Notes
Turn   | Place    | Note
-------+----------+-------------------------------------------
     0 | D:1      | Arum the Formicid Fighter began the quest for the Orb.
     0 | D:1      | Reached XP level 1. HP: 18/18 MP: 1/1
    57 | D:1      | Found Wekon's Distillery.
   131 | D:1      | Reached XP level 2. HP: 24/24 MP: 2/2
   176 | D:1      | Found Ethaph's Magic Scroll Shoppe.
   178 | D:1      | Found Honentoz's Jewellery Shop.
   203 | D:1      | Bought a scroll of identify for 28 gold pieces
   281 | D:1      | Reached skill level 4 in Shields
   394 | D:1      | Found Xear's Book Shop.
   408 | D:1      | Reached XP level 3. HP: 29/30 MP: 3/3
   518 | D:1      | Found Eboddil's Distillery.
  1069 | D:2      | Noticed Robin
  1101 | D:2      | Killed Robin
  1102 | D:2      | Reached XP level 4. HP: 29/37 MP: 4/4
  1960 | D:3      | Noticed a necrophage
  1971 | D:3      | Killed a necrophage
  1972 | D:3      | Reached skill level 5 in Shields
  1972 | D:3      | Reached XP level 5. HP: 41/43 MP: 5/5
  2417 | D:3      | Found a stormy altar of Qazlal.
  2447 | D:3      | Became a worshipper of Qazlal Stormbringer
  2776 | D:4      | Found a staircase to the Ecumenical Temple.
  2783 | D:4      | Reached XP level 6. HP: 43/49 MP: 4/6
  2788 | D:4      | Noticed Pikel
  2883 | D:4      | Slain by Pikel

Illustrated notes

Levels and vault maps discovered:
D:1:      evilmike_arrival_plus, layout_basic, serial_shops, shop, shop, shop,
          nicolae_lakefront_shop, nicolae_shop_statue_plus
D:2:      layout_basic, uniq_robin
D:3:      layout_basic, lemuel_round_altar, hex_intersection
D:4:      layout_basic, nicolae_gozag_seed_capital,
          minmay_temple_entry_sparse_star, serial_shops, kennysheep_mini_moat,
          uniq_crazy_yiuf_cottage, uniq_pikel, uniq_natasha, uniq_sigmund

Skill      XL: |  1  2  3  4 |
---------------+-------------+-----
Shields        | 4 5 |  5.4
Fighting       | 4 |  4.6
Staves         | 3 |  3.4
Armour         | |  3.2

Action                   |  1- 3 |  4- 6 || total
-------------------------+-------+-------++-------
Melee: Quarterstaff      |   116 |   137 ||   253
 Abil: Dig               |     2 |     3 ||     5
  Use: Scroll            |       |     3 ||     3
Armor: Scale mail        |    45 |    28 ||    73
Dodge: Dodged            |    42 |    63 ||   105
Block: Kite shield       |    71 |    77 ||   148
